 Dungeon Crawl Stone Soup version 0.21-a0-521-g1cd18d1 (webtiles) character file.

458975 hairmachine the Slayer (level 23, -6/222 HPs)
             Began as a Centaur Warper on Nov 29, 2017.
             Was the Champion of Fedhas.
             Killed from afar by a fire giant (14 damage)
             ... with a bolt of fire
             ... on level 4 of the Depths on Dec 5, 2017.
             The game lasted 05:15:58 (68617 turns).

hairmachine the Slayer (Centaur Warper)            Turns: 68617, Time: 05:15:59

Health: -6/222     AC: 13    Str: 30    XL:     23   Next: 33%
Magic:  0/31       EV:  9    Int: 10    God:    Fedhas [******]
Gold:   4342       SH:  0    Dex: 12    Spells: 23/25 levels left

rFire    . . .     SeeInvis .   Q - +9 glaive "Dost" {chop, rN++ Str+5 Int-5}
rCold    . . .     Gourm    .   (shield currently unavailable)
rNeg     + + .     Faith    .   m - +4 storm dragon scales {Bai Suzhen}
rPois    +         Spirit   +   M - +1 hat
rElec    +         Reflect  .   C - scarf {Spirit}
rCorr    +         Harm     .   P - +1 pair of gloves {Str+3}
MR       +....                  V - +4 centaur barding
Stlth    ..........             G - amulet of regeneration
HPRegen  0.87/turn              H - ring "Ihoyg" {rPois Str+2 Int+2}
MPRegen  0.22/turn              E - ring of resist corrosion

@: about to teleport, corroded, very quick
A: large, hooves 3, deformed body, speed 2, tough skin 3
}: 2/15 runes: decaying, gossamer
a: Fungal Bloom, Evolution, Sunlight, Growth, Reproduction, Rain, Renounce
Religion


You were on level 4 of the Depths.
You worshipped Fedhas.
Fedhas was exalted by your worship.
You were very hungry.

You visited 7 branches of the dungeon, and saw 39 of its levels.
You visited the Abyss 1 time.
You also visited: Labyrinth.

You collected 5726 gold pieces.
You spent 1384 gold pieces at shops.

Inventory:

Hand Weapons
 u - a +6 longbow of flaming
 Q - the +9 glaive "Dost" (weapon) {chop, rN++ Str+5 Int-5}
   (You found it on level 7 of the Dungeon)

   It inflicts extra damage upon your enemies.
   It affects your strength (+5).
   It affects your intelligence (-5).
   It greatly protects you from negative energy.
Missiles
 e - a tomahawk of dispersal (quivered)
 i - 834 arrows
Armour
 m - +4 storm dragon scales (worn) {Bai Suzhen}
 C - a scarf of spirit shield (worn)
 M - a +1 hat (worn)
 P - a +1 pair of gloves of strength (worn)
 V - a +4 centaur barding (worn)
Jewellery
 c - an uncursed ring of ice
 q - a +2 ring of strength
 E - a ring of resist corrosion (right hand)
 G - an amulet of regeneration (around neck)
 H - the ring "Ihoyg" (left hand) {rPois Str+2 Int+2}
   (You found it on level 2 of the Depths)

   [ring of intelligence]

   It affects your strength (+2).
   It affects your intelligence (+2).
   It protects you from poison.
 W - an uncursed ring of see invisible
Wands
 b - a wand of acid (9)
 r - a wand of clouds (23)
 w - a wand of flame (163)
 S - a wand of iceblast (48)
 U - a wand of digging (43)
Scrolls
 a - 7 scrolls of magic mapping
 j - a scroll of enchant weapon
 k - 15 scrolls of remove curse
 l - 10 scrolls of teleportation
 t - 2 scrolls of fear
 A - 5 scrolls of brand weapon
 I - 18 scrolls of identify
 K - 2 scrolls of fog
 N - 4 scrolls of amnesia
 Z - 2 scrolls of enchant armour
Potions
 n - 2 potions of invisibility
 o - 3 potions of resistance
 p - 6 potions of ambrosia
 s - 7 potions of agility
 v - a potion of berserk rage
 z - 3 potions of haste
 B - 8 potions of brilliance
 D - 3 potions of curing
 J - 5 potions of might
 L - 5 potions of cancellation
 O - a potion of mutation
 R - 2 potions of lignification
 T - 4 potions of flight
 X - 6 potions of magic
Miscellaneous
 y - a lightning rod (4/4)
 Y - a lamp of fire
Comestibles
 f - 17 bread rations
 g - 18 fruits
 h - 18 meat rations
 x - 6 royal jellies


   Skills:
 + Level 21.7 Fighting
 - Level 20.0 Polearms
 - Level 20.0 Bows
 - Level 1.1 Throwing
 + Level 9.9 Armour
 + Level 9.2 Dodging
 - Level 1.5 Spellcasting
 - Level 2.6 Translocations
 - Level 4.1 Invocations
 + Level 11.1 Evocations


You had 23 spell levels left.
You knew the following spells:

 Your Spells              Type           Power        Failure   Level  Hunger
a - Blink                 Tloc           N/A          54%         2    ###....


Dungeon Overview and Level Annotations

Branches:
Dungeon (15/15)              Lair (6/6) D:9           Swamp (4/4) Lair:4
 Spider (4/4) Lair:4        Slime (0/5) Lair:5          Orc (2/2) D:9
    Elf (0/3) Orc:2        Vaults (4/5) D:14          Crypt (0/3) Vaults:2
 Depths (4/5) D:15
 Temple: D:4-7

Altars:
Fedhas
Ru
Vehumet

Shops:
D:8 (   D:14 (   Orc:2 **?*   Vaults:1 (   Vaults:2 }   Vaults:4 ::*((
Depths:1 (}=}

Portals:
Hell: Depths:1 Depths:2 Depths:3 Depths:4
Abyss: Depths:1 Depths:4
Pandemonium: Depths:1 Depths:3

Annotations:
D:12 exclusion: downstairs
Lair:6 kibaces's ghost, journeyman MiBe
Swamp:2 exclusion: 2 downstairs
Vaults:2 exclusion: 2 doors
Depths:1 exclusion: orange crystal statue
Depths:2 exclusions: downstairs and 2 orange crystal statues
Depths:3 1 runed door


Innate Abilities, Weirdness & Mutations

You have hooves in place of feet.
Armour fits poorly on your strangely shaped body.
You cover ground very quickly.
You have extremely tough skin. (AC +3)


Message History

A fire giant comes into view.
It is wielding a great sword of flaming.
The fire giant shouts!
You hear a shout!
The yaktaur wields an arbalest.
The yaktaur shoots a bolt.
The bolt hits you!
* * * LOW HITPOINT WARNING * * *
The orb spider begins to weave its threads into a brightly glowing ball.
Found a bolt.
A crocodile and a spiny frog come into view.
You see here a bolt.
As you read the scroll of teleportation, it crumbles to dust.
You feel strangely unstable.
The fire giant hits you with a great sword of flaming!!
* * * LOW HITPOINT WARNING * * *
The fire giant burns you!
* * * LOW HITPOINT WARNING * * *
The crocodile barely misses you.
The fire giant gestures at you while chanting.
The bolt of fire hits the fire giant.
The fire giant resists.
The bolt of fire hits you!
You die...
Fedhas appreciates your contribution to the ecosystem.

#.#.....#.# #......#....
#......... #......#....
#........ #.##.....####'
#.........#. #.....#....
#......C..' #.....#....
#.#.....#.# ##....#....
#..c......# #....#....
#...F..C..#..##....#....
#.....t@..'...##...#....
#.........#...##...#....
#.#.....#.# ##...#....
#.s.......# ##..####'
#........ ' #..#....
#.........#. #..#....
#......... .. ##.#....
#.#.....#H# .. #)#....
#.'....


You could see 2 fire giants, a manticore, a yaktaur, an orb spider, a spiny frog
and a crocodile.

Vanquished Creatures
  An ancient lich (Depths:2)
  Bai Suzhen (Swamp:2)
  Nikola (Swamp:3)
  The ghost of Swippen the Shatterer, an adept MiBe of Trog (Swamp:4)
  7 liches
  4 sphinxes
  Gastronok (D:12)
  A tengu reaver (Depths:2)
  A daeva (Abyss:3)
  2 deep elf sorcerers
  5 fire giants
  3 frost giants
  3 ghost moths
  Aizul (Depths:3)
  9 emperor scorpions
  12 vault wardens
  Louise (Swamp:1)
  3 spriggan defenders
  16 very ugly things
  A caustic shrike skeleton (Depths:4)
  13 ironheart preservers
  14 stone giants
  2 entropy weavers
  Nessos (D:13)
  2 vampire knights
  2 deep elf demonologists (Vaults:4)
  3 deep elf annihilators
  7 spark wasps
  A crystal guardian (Vaults:4)
  An eidolon (Depths:2)
  8 ettins
  3 deep elf death magi
  4 jiangshi
  A minotaur (Lab)
  11 yaktaur captains
  8 fire dragons
  18 ogre magi
  4 great orbs of eyes
  5 vault guards
  A deep elf high priest (Depths:4)
  A hell beast (Depths:1)
  Harold (Orc:1)
  7 ice dragons
  3 catoblepae
  13 hydras
  A death knight (Vaults:4)
  Erica (Lair:2)
  10 rakshasas
  11 centaur warriors
  3 dancing weapons (Depths:2)
  A vampire mage (Depths:3)
  2 deep troll shamans (Depths:1)
  9 death yaks (Lair:6)
  51 two-headed ogres
  2 thrashing horrors (Abyss:3)
  12 alligators
  A shock serpent (shapeshifter) (Depths:4)
  2 spriggan berserkers
  6 tengu warriors
  7 large abominations (Depths:4)
  A hell knight (Depths:4)
  4 deep troll earth magi
  8 deep elf knights
  3 soul eaters
  7 skeletal warriors
  Nergalle (Lair:2)
  6 shadow wraiths
  A sun demon (Depths:1)
  A fire crab (Swamp:4)
  An iron troll (D:15)
  2 death drakes (Depths:2)
  2 unseen horrors (shapeshifter)
  5 flayed ghosts
  6 glowing orange brains
  A shadow demon (Depths:3)
  2 spectral anacondas (Depths:2)
  8 unseen horrors
  11 deep elf archers
  2 spriggan druids
  5 wizards
  3 necromancers
  27 deep trolls
  6 swamp dragons
  19 ironbrand convokers
  3 mana vipers (Depths:2)
  A lindwurm (Swamp:4)
  An orb spider (shapeshifter) (Depths:4)
  9 deep elf magi
  A harpy (shapeshifter) (Vaults:2)
  5 phantasmal warriors
  19 orb spiders
  4 harpies (Vaults:3)
  13 orc knights
  37 wolf spiders
  6 cyclopes
  An orc sorcerer (Vaults:4)
  A stone giant zombie (Vaults:3)
  A tengu skeleton (Depths:4)
  7 worldbinders (Abyss:3)
  36 ugly things
  A salamander (shapeshifter) (Vaults:3)
  A manticore (D:13)
  4 elephants (Lair:5)
  A stone giant skeleton (Vaults:3)
  2 black mambas
  A rust devil (Depths:3)
  2 torpor snails
  Joseph (D:7)
  A moth of wrath (Spider:3)
  A fire giant skeleton (Vaults:3)
  Psyche (D:8)
  An eye of devastation (shapeshifter) (Depths:4)
  A molten gargoyle (Lair:6)
  13 vault sentinels
  2 water nymphs (Abyss:3)
  An orange demon (Depths:3)
  16 spiny frogs
  A gargoyle (D:12)
  A smoke demon (Abyss:3)
  2 spiny frogs (shapeshifter)
  An efreet (D:15)
  2 centaur skeletons (D:15)
  6 komodo dragons
  7 freezing wraiths
  2 rime drakes (Lair:4)
  11 demonic crawlers
  44 yaktaurs
  An ancient zyme (Abyss:3)
  An ice devil (Depths:3)
  A hellwing (Depths:1)
  A troll (shapeshifter) (Depths:4)
  3 tengu conjurers
  32 jumping spiders
  A queen bee (shapeshifter) (D:14)
  16 trolls
  3 spectral merfolk (Depths:2)
  A jumping spider (shapeshifter) (D:15)
  2 polar bears
  2 meliai (shapeshifter)
  3 meliai (D:14)
  3 tyrant leeches
  Grinder (D:6)
  2 polar bears (shapeshifter)
  A wind drake (shapeshifter) (Vaults:3)
  A sphinx simulacrum (Depths:4)
  3 raiju
  36 slime creatures
  10 hornets
  A hippogriff (shapeshifter) (Vaults:1)
  14 blink frogs
  2 bog bodies
  A dream sheep (Lair:1)
  15 hippogriffs
  61 redbacks
  5 spriggans
  A spriggan (shapeshifter) (Vaults:2)
  30 tarantellas
  4 water elementals
  11 wraiths
  32 yaks
  A redback (shapeshifter) (Vaults:4)
  A hog (shapeshifter) (Depths:4)
  A fire bat (shapeshifter) (D:13)
  A vampire (Depths:2)
  5 shadows
  6 wyverns
  2 fire bats (Lair:6)
  2 golden eyes (shapeshifter)
  A chaos spawn (Depths:3)
  A hungry ghost (D:9)
  A basilisk (shapeshifter) (Depths:3)
  3 basilisks
  13 vampire mosquitoes
  3 steam dragons
  A human simulacrum (Vaults:2)
  21 swamp worms
  A warg (shapeshifter) (Depths:4)
  9 wargs
  9 insubstantial wisps
  A hydra simulacrum (Depths:2)
  3 soldier ants
  9 water moccasins
  A floating eye (Depths:2)
  4 hell hounds
  An acid dragon (D:15)
  3 spectral spriggans (Depths:2)
  5 porcupines
  11 swamp drakes
  4 phantoms
  33 orc warriors
  A spectral troll (Depths:2)
  4 small abominations
  5 ice beasts
  3 sky beasts
  A black bear (shapeshifter) (Depths:4)
  An eye of draining (shapeshifter) (Depths:2)
  2 black bears
  4 boggarts (Vaults:3)
  A snapping turtle zombie (Depths:2)
  52 ogres
  16 centaurs
  27 wolves
  13 crocodiles
  19 bullfrogs
  2 big kobolds
  2 wyvern skeletons
  4 scorpions
  22 killer bees
  2 spectral nagas (Depths:2)
  11 electric eels
  15 wights
  A spectral centaur (Depths:2)
  3 spectral ogres (Depths:2)
  6 howler monkeys
  A lava snake (Swamp:4)
  6 crimson imps
  5 centaur zombies
  4 hounds
  5 jellies
  2 bullfrog skeletons
  18 orc priests
  An iron imp (Depths:4)
  21 orc wizards
  2 iguanas
  A troll simulacrum (Depths:2)
  11 worker ants
  A howler monkey zombie (D:5)
  3 hound skeletons
  12 adders
  A howler monkey skeleton (D:4)
  4 river rats (D:9)
  A shadow imp (D:5)
  4 oozes
  A worm (D:2)
  A worm (shapeshifter) (Depths:1)
  2 dart slugs (D:1)
  9 leopard geckos
  77 orcs
  3 ball pythons
  6 bats
  5 giant cockroaches
  10 goblins
  10 hobgoblins
  7 jackals
  8 quokkas
  5 frilled lizards
  A jackal skeleton (D:5)
  22 kobolds
  A leopard gecko skeleton (D:6)
  26 rats
1703 creatures vanquished.

Vanquished Creatures (collateral kills)
  An emperor scorpion (Spider:4)
  3 two-headed ogres (Orc:2)
  A deep troll (Orc:2)
  An orb spider (Spider:4)
  An orc sorcerer (Orc:2)
  2 wolf spiders (Spider:4)
  A moth of wrath (Spider:4)
  A centaur zombie (D:13)
  5 jumping spiders (Spider:4)
  2 trolls
  A polar bear (shapeshifter) (Vaults:2)
  3 redbacks (Spider:4)
  A water elemental (Depths:2)
  3 tarantellas (Spider:4)
  A yak (D:11)
  2 vampire mosquitoes (Swamp:4)
  A water moccasin (D:11)
  A spectral troll (Depths:2)
  2 orc warriors
  An ice beast (D:13)
  3 ogres (Orc:2)
  A bullfrog (D:11)
  A small abomination (Depths:4)
  A killer bee (D:11)
  An orc priest (Orc:1)
  A shadow imp (D:10)
  9 orcs
51 creatures vanquished.

Vanquished Creatures (others)
  A hydra (Swamp:4)
  A satyr (Abyss:3)
  4 swamp dragons (Swamp:4)
  A shambling mangrove (Swamp:1)
  A lindwurm (Swamp:4)
  4 oklob plants
  29 wandering mushrooms
  A bog body (Swamp:1)
  A spriggan (Swamp:3)
  A shadow (Swamp:4)
  A vampire mosquito (Swamp:4)
  3 steam dragons (Swamp:4)
  A swamp worm (Swamp:4)
  A warg (Depths:2)
  7 swamp drakes
  A small abomination (Abyss:3)
  A jelly (D:15)
  15 fungi
  35 plants
  1099 toadstools
1208 creatures vanquished.

Grand Total: 2962 creatures vanquished

Notes
Turn   | Place    | Note
-------+----------+-------------------------------------------
     0 | D:1      | hairmachine the Centaur Warper began the quest for the Orb.
     0 | D:1      | Reached XP level 1. HP: 17/17 MP: 3/3
   231 | D:1      | Reached XP level 2. HP: 24/24 MP: 4/4
   539 | D:1      | Learned a level 2 spell: Blink
   668 | D:1      | Reached XP level 3. HP: 29/29 MP: 5/5
  2080 | D:2      | Reached XP level 4. HP: 29/36 MP: 6/6
  2764 | D:3      | Found a glowing drain.
  4242 | D:4      | Reached XP level 5. HP: 25/41 MP: 7/7
  4385 | D:4      | Reached skill level 5 in Polearms
  4504 | D:4      | Noticed a sky beast
  4532 | D:4      | Noticed an ogre
  4610 | D:4      | Reached XP level 6. HP: 35/50 MP: 8/8
  5827 | D:4      | Reached XP level 7. HP: 52/56 MP: 9/9
  6085 | D:5      | Entered Level 5 of the Dungeon
  6170 | D:5      | Reached skill level 3 in Fighting
  6969 | D:5      | Got a polished halberd
  6984 | D:5      | Identified the +9 halberd of Umoso {drain, +Rage} (You found it on level 5 of the Dungeon)
  7574 | D:4      | Reached skill level 1 in Bows
  7574 | D:4      | Reached XP level 8. HP: 56/66 MP: 10/10
  7919 | D:6      | Reached skill level 4 in Fighting
  8179 | D:6      | Noticed Grinder
  8180 | D:6      | Paralysed by Grinder for 5 turns
  8231 | D:6      | Killed Grinder
  8466 | D:6      | Reached skill level 5 in Fighting
  8473 | D:6      | Reached XP level 9. HP: 74/74 MP: 11/11
  8565 | D:6      | Reached skill level 5 in Bows
  8611 | D:6      | Found Wecoozo's Gadget Shoppe.
  9271 | D:7      | Found a radiant altar of Vehumet.
  9302 | D:7      | Got a brightly glowing leather armour
  9306 | D:7      | Identified the +2 leather armour of Virtue {rF+} (You found it on level 7 of the Dungeon)
  9388 | D:7      | Got a shimmering glaive
  9400 | D:7      | Identified the +9 glaive "Dost" {chop, rN++ Str+5 Int-5} (You found it on level 7 of the Dungeon)
  9488 | D:7      | Reached skill level 10 in Polearms
  9651 | D:7      | Reached skill level 6 in Fighting
  9835 | D:7      | Noticed Joseph
  9852 | D:7      | Killed Joseph
 10800 | D:8      | Noticed Psyche
 10808 | D:8      | Killed Psyche
 10808 | D:8      | Reached XP level 10. HP: 60/84 MP: 12/12
 11044 | D:8      | Found Joucoucs's Antique Weapon Boutique.
 11802 | D:9      | Reached skill level 7 in Fighting
 11849 | D:9      | Found a staircase to the Lair.
 12096 | D:9      | Found a staircase to the Orcish Mines.
 12236 | D:9      | Reached skill level 1 in Armour
 12773 | Lair:1   | Entered Level 1 of the Lair of Beasts
 12860 | Lair:1   | Noticed a six-headed hydra
 12982 | Lair:1   | Killed a nine-headed hydra
 13070 | Lair:1   | Reached skill level 8 in Fighting
 13094 | Lair:1   | Reached XP level 11. HP: 76/94 MP: 13/13
 13127 | Lair:1   | Reached skill level 1 in Evocations
 13193 | Lair:1   | Noticed an oklob plant
 13955 | Lair:2   | Noticed an oklob plant
 14279 | Lair:2   | Noticed Nergalle
 14323 | Lair:2   | Killed Nergalle
 14402 | Lair:2   | Noticed Erica
 14408 | Lair:2   | Killed Erica
 15343 | Lair:3   | Noticed a five-headed hydra
 15363 | Lair:3   | Killed a five-headed hydra
 15363 | Lair:3   | Reached skill level 9 in Fighting
 15525 | Lair:3   | Noticed a catoblepas
 15537 | Lair:3   | Killed a catoblepas
 15541 | Lair:3   | Reached skill level 10 in Bows
 15630 | Lair:3   | Reached XP level 12. HP: 66/104 MP: 15/15
 15964 | Lair:4   | Noticed a catoblepas
 15990 | Lair:4   | Killed a catoblepas
 16726 | Lair:4   | Found a hole to the Spider Nest.
 16908 | Lair:4   | Found a blossoming altar of Fedhas.
 16933 | Lair:4   | Became a worshipper of Fedhas Madash
 17430 | Lair:4   | Reached skill level 10 in Fighting
 17436 | Lair:4   | Found a staircase to the Swamp.
 17779 | Lair:5   | Found a labyrinth entrance.
 17788 | Lab      | Entered a labyrinth
 18055 | Lab      | Noticed a minotaur
 18072 | Lab      | Killed a minotaur
 18089 | Lab      | Identified the Handbook of the Harmful Blaze
 18667 | Lair:2   | Got an encrusted chain mail
 18671 | Lair:2   | Identified the +3 chain mail of Ysybyzxo {MR+} (You found it on level 2 of the Lair of Beasts)
 18835 | Lair:5   | Found a staircase to the Slime Pits.
 18851 | Lair:5   | Noticed a four-headed hydra
 18874 | Lair:5   | Killed a four-headed hydra
 19244 | Lair:6   | Entered Level 6 of the Lair of Beasts
 19279 | Lair:6   | Noticed a death yak
 19279 | Lair:6   | Noticed a death yak
 19281 | Lair:6   | Noticed a death yak
 19289 | Lair:6   | Noticed a death yak
 19318 | Lair:6   | Killed a death yak
 19318 | Lair:6   | Reached XP level 13. HP: 103/114 MP: 13/16
 19619 | Lair:6   | Noticed kibaces's ghost (journeyman MiBe)
 19780 | Lair:6   | Reached * piety under Fedhas
 20061 | Lair:6   | Reached skill level 11 in Fighting
 20061 | Lair:6   | Reached skill level 15 in Polearms
 21150 | D:10     | Entered Level 10 of the Dungeon
 22355 | D:11     | Found a sacrificial altar of Ru.
 23140 | Orc:1    | Entered Level 1 of the Orcish Mines
 23140 | Orc:1    | Noticed Harold
 23394 | Orc:1    | Killed Harold
 23868 | Orc:2    | Entered Level 2 of the Orcish Mines
 23895 | Orc:1    | Reached XP level 14. HP: 90/124 MP: 14/17
 23944 | Orc:2    | Found a staircase to the Elven Halls.
 24108 | Orc:2    | Found Hoxyt's General Store.
 24110 | Orc:2    | Found Waimneps's Assorted Antiques.
 24142 | Orc:2    | Noticed a stone giant
 24495 | Orc:2    | Killed a stone giant
 24595 | Orc:2    | Found Qozin's Assorted Antiques.
 24652 | Orc:2    | Bought a potion of haste for 270 gold pieces
 24657 | Orc:2    | Bought a scroll of magic mapping for 49 gold pieces
 24660 | Orc:2    | Found Ruyky's Magic Scroll Emporium.
 24663 | Orc:2    | Bought a scroll of teleportation for 87 gold pieces
 24957 | Orc:2    | Reached skill level 12 in Fighting
 25049 | Orc:2    | Bought a scroll of fear for 56 gold pieces
 25049 | Orc:2    | Bought a scroll of vulnerability for 120 gold pieces
 25063 | Orc:2    | Reached skill level 5 in Dodging
 25457 | D:9      | Upgraded the game from 0.21-a0-509-gecc5317 to 0.21-a0-513-gdcb3f5e
 25570 | Swamp:1  | Entered Level 1 of the Swamp
 25604 | Lair:4   | Reached ** piety under Fedhas
 25916 | Swamp:1  | Noticed Louise
 26792 | Swamp:1  | Killed Louise
 28263 | Swamp:3  | Noticed Nikola
 28321 | Swamp:3  | Noticed Bai Suzhen
 28497 | Swamp:2  | Upgraded the game from 0.21-a0-513-gdcb3f5e to 0.21-a0-516-gaaff437
 28505 | Swamp:2  | Reached XP level 15. HP: 118/134 MP: 15/18
 29074 | D:12     | Noticed Gastronok
 29122 | D:12     | Killed Gastronok
 29432 | D:13     | Noticed Nessos
 29817 | D:13     | Killed Nessos
 30259 | D:13     | Reached *** piety under Fedhas
 30421 | D:13     | Reached skill level 13 in Fighting
 31444 | D:14     | Found Qoudenk's Weapon Emporium.
 31621 | D:14     | Found a gate to the Vaults.
 31882 | D:15     | Entered Level 15 of the Dungeon
 32535 | D:15     | Reached **** piety under Fedhas
 33332 | D:15     | Found a staircase to the Depths.
 33720 | Spider:1 | Entered Level 1 of the Spider Nest
 34149 | Spider:1 | Reached skill level 1 in Invocations
 34149 | Spider:1 | Reached XP level 16. HP: 141/145 MP: 17/19
 34242 | Spider:1 | Reached skill level 14 in Fighting
 35770 | Spider:2 | Reached skill level 15 in Bows
 36328 | Spider:2 | Got a spiked ring mail
 36330 | Spider:2 | Identified the +0 ring mail "Zeunk" {rElec} (You found it on level 2 of the Spider Nest)
 37012 | Spider:3 | Reached ***** piety under Fedhas
 38560 | Spider:4 | Entered Level 4 of the Spider Nest
 39319 | Swamp:2  | Killed Bai Suzhen
 39319 | Swamp:2  | Reached skill level 15 in Fighting
 39537 | Swamp:3  | Killed Nikola
 40231 | Swamp:3  | Got a polished leather armour
 40232 | Swamp:3  | Identified the cursed +0 leather armour of Dramatic Exits {rN+ Int+3} (You found it on level 3 of the Swamp)
 40445 | Swamp:4  | Entered Level 4 of the Swamp
 40834 | Swamp:4  | Noticed Swippen's ghost (adept MiBe)
 41410 | Depths:1 | Entered Level 1 of the Depths
 41419 | Depths:1 | Reached XP level 17. HP: 151/156 MP: 20/20
 41927 | Depths:1 | Found a one-way gate to the infinite horrors of the Abyss.
 41929 | Depths:1 | You fall through a shaft!
 41933 | Depths:2 | Found a gateway to Hell.
 43459 | Depths:1 | Reached skill level 16 in Fighting
 43820 | Depths:1 | Found Qiug's Antique Weapon Shoppe.
 43854 | Depths:1 | Found Unneyps's Gadget Shoppe.
 43855 | Depths:1 | Found Kaecw's Jewellery Boutique.
 43856 | Depths:1 | Found Delevin's Gadget Shoppe.
 43864 | Depths:1 | Bought the ring "Burch" {rPois Int+2} for 686 gold pieces
 45088 | Spider:4 | Reached ****** piety under Fedhas
 46393 | Spider:4 | Reached XP level 18. HP: 167/167 MP: 21/21
 46939 | Spider:4 | Got a gossamer rune of Zot
 47366 | Vaults:1 | Entered Level 1 of the Vaults
 47592 | Vaults:1 | Reached skill level 17 in Fighting
 50075 | Vaults:1 | Paralysed by a sphinx for 6 turns
 50092 | Vaults:1 | Paralysed by a sphinx for 2 turns
 50474 | Vaults:1 | Found Inuam's Antique Weapon Shoppe.
 50576 | Vaults:1 | Reached skill level 18 in Fighting
 51374 | Vaults:2 | Found a staircase to the Crypt.
 51410 | Vaults:2 | Upgraded the game from 0.21-a0-516-gaaff437 to 0.21-a0-518-g43a1781
 51662 | Vaults:2 | Reached XP level 19. HP: 166/179 MP: 20/22
 52852 | Vaults:2 | Found Vishavets's Gadget Shop.
 52966 | Vaults:2 | Reached skill level 5 in Armour
 53668 | Vaults:3 | Reached skill level 19 in Fighting
 54436 | Vaults:3 | Noticed a Brimstone Fiend
 54935 | Vaults:3 | Paralysed by a sphinx for 6 turns
 56186 | Vaults:3 | Upgraded the game from 0.21-a0-518-g43a1781 to 0.21-a0-521-g1cd18d1
 56422 | Vaults:4 | Reached XP level 20. HP: 193/193 MP: 23/23
 56666 | Vaults:4 | Found Otarilal's Book Emporium.
 56830 | Vaults:4 | Found Nefits's Book Shop.
 56866 | Vaults:4 | Reached skill level 5 in Evocations
 57123 | Vaults:4 | Reached skill level 20 in Fighting
 57552 | Vaults:4 | HP: 8/193 [vault warden/enchanted dire flail (26)]
 58220 | Vaults:4 | Cast into level 2 of the Abyss (a deep elf sorcerer)
 58220 | Abyss:2  | Found a corrupted altar of Lugonu.
 58246 | Abyss:2  | Found a corrupted altar of Lugonu.
 58696 | Vaults:4 | Escaped the Abyss
 58998 | Vaults:4 | Found Xoruiq's Weapon Shop.
 58998 | Vaults:4 | Found Mynemnua's General Store.
 59118 | Vaults:4 | Found Voynog's Weapon Shoppe.
 59125 | Vaults:4 | Bought a potion of might for 68 gold pieces
 59152 | Vaults:4 | Bought 11 arrows for 48 gold pieces
 60875 | Swamp:4  | Killed Swippen's ghost
 61459 | Swamp:4  | Reached XP level 21. HP: 194/202 MP: 26/26
 61635 | Swamp:4  | Got a decaying rune of Zot
 62380 | Depths:1 | Found a one-way gate leading to the halls of Pandemonium.
 63217 | Depths:2 | Noticed an ancient lich
 63227 | Depths:2 | Killed an ancient lich
 63779 | Depths:2 | Reached skill level 21 in Fighting
 64267 | Depths:2 | Got a pitted wooden ring
 64269 | Depths:2 | Identified the ring "Ihoyg" {rPois Str+2 Int+2} (You found it on level 2 of the Depths)
 64273 | Depths:2 | Reached XP level 22. HP: 213/213 MP: 29/29
 65238 | Depths:3 | Reached skill level 10 in Evocations
 65917 | Depths:3 | Found a runed door.
 65917 | Depths:3 | Noticed a caustic shrike
 65918 | Depths:3 | Found the +3 giant club "Skullcrusher" {speed, Str+7}
 65943 | Depths:3 | Noticed Aizul
 65958 | Depths:3 | Killed Aizul
 67025 | Depths:4 | Reached XP level 23. HP: 189/221 MP: 25/30
 68580 | Depths:4 | Got a shimmering spear
 68581 | Depths:4 | Identified the cursed +1 spear "Zebelots" {pain, Stlth+} (You found it on level 4 of the Depths)
 68593 | Depths:4 | Noticed a caustic shrike
 68617 | Depths:4 | HP: 8/222 [fire giant/great sword of flaming (13)]
 68617 | Depths:4 | Killed from afar by a fire giant

Vault maps used:
D:1:      eino_arrival_cavern_b, serial_bayou_pond_c, minivault_24
D:2:      first_bread
D:3:      gup_sewer_entry_glass
D:5:      minmay_temple_entry_from_below_a
D:6:      serial_shops, kennysheep_mini, uniq_grinder
D:7:      vehumet_crystals, uniq_joseph
D:8:      serial_shops, nicolae_shop_crystal, hangedman_pestilent_swarm,
          uniq_psyche
D:9:      lair_entry_dummy, erik_orc_3, dk_rats_in_the_wall
D:11:     nicolae_ru_sacrificial_ziggurat
D:12:     uniq_gastronok
D:13:     uniq_nessos
D:14:     david_vaults_4, minmay_misc_feat_diagonals, serial_shops,
          kennysheep_mini_moat
D:15:     grunt_enter_depths_hoard, minmay_stone_trees_medium
Lair:1:   wad_woods_river_01, minmay_lair_oklob_chamber
Lair:2:   minmay_lair_oklob_bushes, nicolae_lair_grove_arrangements,
          serial_bayou_shore_a, infiniplex_staircase_pool, uniq_erica,
          uniq_nergalle
Lair:3:   statuecave_lemuel
Lair:4:   nicolae_swamp_entry_splash_gauntlet,
          nicolae_spider_entry_orb_guardian, basic_altar, grunt_megastairs_1
Lair:5:   nicolae_slime_entry_slimehenge, lab_entry_generic
Lair:6:   due_jungle_book, special_room, minivault_11, serial_bayou_lagoon_b
Swamp:1:  infiniplex_staircase_pool_2, swamp_pool1, uniq_louise
Swamp:2:  evilmike_swamp_ruin_house_5
Swamp:3:  nicolae_swamp_fairy_circle, uniq_bai_suzhen, uniq_nikola
Swamp:4:  swamp_fiery
Spider:1: spiders_nest_spider_trap
Spider:2: nicolae_spider_cling_halls
Spider:3: special_room
Spider:4: grunt_spider_rune_circles, special_room
Orc:1:    uniq_harold
Orc:2:    st_orc_open, nicolae_orc_flooded_monolith
Vaults:1: vaults_room_grunt_arrival_ludios, nicolae_vaults_asterisk, v_rooms_3,
          nicolae_vaults_little_ls, grunt_vaults_bifocal, vaults_mumra_hex,
          nicolae_vaults_shelves_hall, nicolae_vaults_diagonal_hallway_9,
          nicolae_vaults_mini_display_case, serial_shops,
          nicolae_shop_window_shopping
Vaults:2: v_alt_pattern_1, ontoclasm_vaults_idyll, v_misc_25,
          vaults_room_fancy_cross, v_misc_27, ontoclasm_vaults_shout,
          vaults_room_pool, minmay_crypt_entry_simple_corners, v_misc_4,
          grunt_vaults_diagonal, v_misc_2, nicolae_vaults_specimen_jars,
          grunt_vaults_funnel, v_pattern_2, vaults_room_semicircle,
          grunt_vaults_hallway_short, serial_shops,
          nicolae_shop_temple_entry_statues_fountains
Vaults:3: nicolae_vaults_network_periphery, v_pattern_3, ontoclasm_vaults_eye,
          nicolae_vaults_diagonal_hallway_8, v_misc_24, vaults_room_hallway,
          nicolae_vaults_quartermaster, vaults_room_door_ring,
          hangedman_vaults_nails, nicolae_vaults_angled_halls,
          ontoclasm_vaults_idyll
Vaults:4: ontoclasm_vaults_claustrophobia, vaults_room_ringed_pool,
          dpeg_vaults_monster_row, v_misc_2, st_diamondy,
          nicolae_vaults_little_squares_6,
          nicolae_vaults_windows_and_doors_thing, hangedman_vaults_trim,
          vaults_dpeg_diagonal, ontoclasm_vaults_chip, vaults_room_fancy_cross,
          nicolae_vaults_hallways_thing, vaults_room_pools, serial_shops, shop,
          shop_fountains, shop, shop, nicolae_shop_behind_doors
Depths:1: rand_demon_pan_entry_9, corexii_hall_statues_l, abyss_entry,
          serial_shops, nicolae_shop_statue_plus, hell_entry, st_stairs_7,
          minivault_16, evilmike_minifort, minmay_shop_grove
Depths:2: lemuel_river_lethe, hell_entry
Depths:3: minmay_gate_of_8, serial_sigils_hangedman_writhe,
          rand_demon_pan_entry_8, hell_entry, grunt_megastairs_2, uniq_aizul
Depths:4: vault_1, minmay_room_of_horrors, grunt_hell_entry_dis_old
Abyss:2:  evilmike_abyss_exit_4
Abyss:3:  grunt_abyss_rune_forest_and_sorcery

Skill      XL: |  1  2  3  4  5  6  7  8  9 10 11 12 13 14 15 16 17 18 19 20 21 22 23 |
---------------+----------------------------------------------------------------------+-----
Polearms       | 2 3 4 5 6 8 9 10 12 13 14 15 16 17 18 19 20 | 20.0
Fighting       | 3 5 6 8 9 10 11 12 13 15 16 18 19 20 21 | 21.7
Bows           | 1 4 7 8 10 11 13 14 15 16 18 19 20 | 20.0
Armour         | 2 3 4 6 8 9 |  9.9
Evocations     | 4 7 9 10 11 | 11.1
Dodging        | 4 5 6 7 8 9 |  9.2
Invocations    | 1 4 |  4.1
Throwing       | |  1.1
Spellcasting   | |  1.5
Translocations | |  2.6

Action                   |  1- 3 |  4- 6 |  7- 9 | 10-12 | 13-15 | 16-18 | 19-21 | 22-24 || total
-------------------------+-------+-------+-------+-------+-------+-------+-------+-------++-------
Melee: Spear             |   185 |    35 |       |       |       |       |       |       ||   220
       Kick              |    10 |    30 |    32 |    82 |   218 |   244 |   321 |   144 ||  1081
       Trident           |       |   177 |    32 |       |       |       |       |       ||   209
       Halberd           |       |       |   125 |       |       |       |       |       ||   125
       Glaive            |       |       |    73 |   456 |   888 |   844 |  1199 |   433 ||  3893
       Longbow           |       |       |       |       |       |     2 |     1 |       ||     3
 Fire: Shortbow          |       |       |       |   190 |   365 |       |       |       ||   555
       Longbow           |       |       |       |       |   174 |   814 |   438 |   117 ||  1543
Throw: Tomahawk          |       |       |       |       |       |     4 |       |       ||     4
Invok: Fungal Bloom      |       |       |       |     7 |    82 |    93 |    61 |    22 ||   265
       Evolution         |       |       |       |       |    24 |     5 |     6 |     2 ||    37
       Growth            |       |       |       |       |       |     2 |       |     1 ||     3
       Sunlight          |       |       |       |       |       |     1 |       |       ||     1
Evoke: Wand              |       |       |       |     8 |    11 |    20 |     8 |     1 ||    48
  Use: Scroll            |       |     4 |     3 |    15 |    20 |    10 |    13 |     5 ||    70
       Potion            |       |       |     1 |     2 |     7 |    19 |    14 |     1 ||    44
 Stab: Sleeping          |       |       |     2 |     3 |       |       |       |       ||     5
       Distracted        |       |       |       |     1 |     2 |     2 |     3 |       ||     8
       Petrified         |       |       |       |     6 |       |       |       |       ||     6
       Confused          |       |       |       |       |     4 |     1 |       |       ||     5
       Paralysed         |       |       |       |       |       |     4 |       |       ||     4
  Eat: Chunk             |     2 |    10 |    11 |    21 |    30 |    28 |    20 |     7 ||   129
       Royal jelly       |       |       |     1 |     1 |     4 |     9 |     7 |     2 ||    24
Armor: Leather armour    |    30 |    36 |    32 |   202 |       |       |       |       ||   300
       Chain mail        |       |       |       |     3 |   737 |   391 |       |       ||  1131
       Storm dragon scal |       |       |       |       |       |   628 |   737 |   247 ||  1612
Dodge: Dodged            |    35 |    61 |    54 |   135 |   238 |   333 |   257 |   134 ||  1247

Table legend:
 A = Spawn XP
 B = Non-spawn XP
 C = Spawn XP percentage of total XP
 D = Spawn monster count
 E = Non-spawn monster count
 F = Spawn count percentage of total count
 G = Total turns spent on level
                    A         B        C        D         E        F      G
               +---------+---------+-------+---------+---------+-------+---------
         Total |    8758 |  753067 |   1.1 |      10 |    1746 |   0.6 | 68617
               +---------+---------+-------+---------+---------+-------+---------
           D:1 |       0 |      54 |   0.0 |       0 |      29 |   0.0 |  1115
           D:2 |       0 |      63 |   0.0 |       0 |      22 |   0.0 |  1347
           D:3 |       0 |     206 |   0.0 |       0 |      17 |   0.0 |  2372
           D:4 |       0 |     706 |   0.0 |       0 |      22 |   0.0 |  1750
           D:5 |       0 |     483 |   0.0 |       0 |      15 |   0.0 |  1570
           D:6 |       0 |    1938 |   0.0 |       0 |      37 |   0.0 |  1349
           D:7 |       0 |    1465 |   0.0 |       0 |      22 |   0.0 |  1057
           D:8 |       0 |    1356 |   0.0 |       0 |      22 |   0.0 |   892
           D:9 |       0 |    2581 |   0.0 |       0 |      72 |   0.0 |  1834
          D:10 |       0 |    3492 |   0.0 |       0 |      24 |   0.0 |  1107
          D:11 |       0 |    4624 |   0.0 |       0 |      34 |   0.0 |  1233
          D:12 |       0 |    4487 |   0.0 |       0 |      13 |   0.0 |   802
          D:13 |       0 |    9560 |   0.0 |       0 |      44 |   0.0 |  1297
          D:14 |       0 |   16181 |   0.0 |       0 |      40 |   0.0 |  2233
          D:15 |       0 |   29067 |   0.0 |       0 |      50 |   0.0 |  2867
        Lair:1 |       0 |    4289 |   0.0 |       0 |      19 |   0.0 |  1460
        Lair:2 |       0 |    4247 |   0.0 |       0 |      17 |   0.0 |  1211
        Lair:3 |       0 |    5390 |   0.0 |       0 |      22 |   0.0 |  1062
        Lair:4 |       0 |   12889 |   0.0 |       0 |      52 |   0.0 |  2522
        Lair:5 |       0 |    5382 |   0.0 |       0 |      20 |   0.0 |  1204
        Lair:6 |       0 |   15768 |   0.0 |       0 |      44 |   0.0 |  1516
       Swamp:1 |       0 |   10200 |   0.0 |       0 |      32 |   0.0 |  1548
       Swamp:2 |       0 |   12498 |   0.0 |       0 |      21 |   0.0 |  1557
       Swamp:3 |       0 |   13795 |   0.0 |       0 |      22 |   0.0 |  1946
       Swamp:4 |       0 |   23566 |   0.0 |       0 |      47 |   0.0 |  1405
      Spider:1 |       0 |   13017 |   0.0 |       0 |      37 |   0.0 |  1434
      Spider:2 |       0 |   13222 |   0.0 |       0 |      39 |   0.0 |  1942
      Spider:3 |       0 |   33535 |   0.0 |       0 |      70 |   0.0 |  3325
      Spider:4 |       0 |   29758 |   0.0 |       0 |      74 |   0.0 |  1703
         Orc:1 |       0 |    4548 |   0.0 |       0 |      35 |   0.0 |   841
         Orc:2 |       0 |   16821 |   0.0 |       0 |      51 |   0.0 |  1191
      Vaults:1 |       0 |   64658 |   0.0 |       0 |     105 |   0.0 |  3486
      Vaults:2 |       0 |   41692 |   0.0 |       0 |      74 |   0.0 |  2154
      Vaults:3 |       0 |   59012 |   0.0 |       0 |      92 |   0.0 |  2995
      Vaults:4 |       0 |   89522 |   0.0 |       0 |     118 |   0.0 |  2952
      Depths:1 |       0 |   27157 |   0.0 |       0 |      47 |   0.0 |  1654
      Depths:2 |       0 |   60151 |   0.0 |       0 |     107 |   0.0 |  2357
      Depths:3 |       0 |   55760 |   0.0 |       0 |      61 |   0.0 |  2086
      Depths:4 |       0 |   52085 |   0.0 |       0 |      65 |   0.0 |  1443
       Abyss:2 |    2974 |       0 | 100.0 |       1 |       0 | 100.0 |    98
       Abyss:3 |    5784 |    6751 |  46.1 |       9 |      11 |  45.0 |   378
           Lab |       0 |    1091 |   0.0 |       0 |       1 |   0.0 |   322
               +---------+---------+-------+---------+---------+-------+---------
